Map: Acolyte LE

Players

Harstem - Winner!

  • Race: Protoss Protoss
  • Spawn Location: 7:00

Scarlett

  • Race: Zerg Zerg
  • Spawn Location: 1:00

Event: WCS Montreal 2017

VOD

Have the link to the VOD?

Description

Time

  • Played on: Sept. 9, 2017, 11:36 a.m.
  • Length: 17:05

All games in this series

Show
View Real Time Build Order
Export as new Build Order

Harstem Protoss - Winner!

Build Orders: 1 Gate Expand, Oracle Opening, Archon Immortal, Carriers, Zealot Archon, Archon Drop 

Get SALT Encoding   

  12  0:01  Probe (Chrono Boost)  
  13  0:11  Probe (Chrono Boost)  
  14  0:17  Pylon  
  14  0:22  Probe (Chrono Boost)  
  16  0:35  Probe (Chrono Boost)  
  16  0:37  Gateway  
  16  0:46  Probe (Chrono Boost)  
  16  0:49  Assimilator  
  17  0:56  Probe (Chrono Boost)  
  18  1:07  Probe (Chrono Boost)  
  19  1:17  Probe (Chrono Boost)  
  20  1:24  Nexus  
  20  1:32  Cybernetics Core  
  20  1:36  Probe (Chrono Boost)  
  21  1:42  Assimilator  
  21  1:46  Probe (Chrono Boost)  
  22  1:53  Pylon  
  22  1:57  Probe (Chrono Boost)  
  23  2:11  Probe (Chrono Boost)  
  23  2:15  Stargate  
  24  2:19  Adept (Chrono Boost)  
  24  2:22  Probe (Chrono Boost)  
  27  2:29  Warp Gate  
  27  2:33  Probe (Chrono Boost)  
  27  2:36  Probe (Chrono Boost)  
  29  2:44  Probe (Chrono Boost)  
  30  2:45  Probe, Adept (Chrono Boost)  
  33  2:56  Probe x2  
  35  3:00  Oracle (Chrono Boost)  
  38  3:06  Probe  
  38  3:08  Probe  
  38  3:10  Stalker  
  42  3:14  Pylon  
  42  3:17  Probe  
  43  3:20  Probe  
  44  3:27  Probe  
  45  3:38  Probe x2  
  47  3:41  Nexus  
  47  3:44  Pylon  
  47  3:49  Probe  
  47  3:50  Probe  
  49  3:58  Assimilator  
  49  3:59  Probe (Chrono Boost)  
  49  4:01  Assimilator  
  50  4:03  Probe (Chrono Boost)  
  51  4:10  Gateway  
  51  4:11  Probe (Chrono Boost)  
  51  4:12  Gateway  
  51  4:13  Robotics Facility  
  51  4:15  Probe (Chrono Boost)  
  53  4:20  Pylon  
  53  4:22  Probe (Chrono Boost)  
  54  4:28  Probe (Chrono Boost)  
  55  4:32  Probe (Chrono Boost)  
  55  4:33  Forge  
  52  4:39  Probe (Chrono Boost), Twilight Council  
  52  4:44  Adept  
  56  4:45  Probe (Chrono Boost)  
  56  4:50  Probe (Chrono Boost)  
  57  4:53  Probe (Chrono Boost)  
  57  4:55  Probe (Chrono Boost)  
  59  5:00  Probe (Chrono Boost)  
  59  5:01  Gateway  
  59  5:02  Warp Prism (Chrono Boost)  
  59  5:05  Probe  
  59  5:06  Mothership Core  
  64  5:10  Charge  
  64  5:11  Protoss Ground Weapons Level 1 (Chrono Boost)  
  64  5:12  Probe  
  66  5:15  Probe  
  66  5:19  Templar Archives  
  67  5:24  Probe (Chrono Boost)  
  67  5:26  Probe x2 (Chrono Boost)  
  67  5:28  Pylon  
  70  5:36  Probe (Chrono Boost), Pylon  
  70  5:38  Probe x2 (Chrono Boost)  
  70  5:41  Assimilator  
  73  5:45  Assimilator  
  73  5:47  Probe (Chrono Boost)  
  73  5:48  Probe (Chrono Boost)  
  73  5:49  Probe (Chrono Boost), Gateway  
  76  5:52  Pylon  
  76  5:57  Probe (Chrono Boost), Gateway  
  76  5:58  Probe x2 (Chrono Boost), Pylon  
  76  5:59  High Templar x4  
  76  6:02  Pylon  
  76  6:04  Archon x2  
  87  6:08  Probe x2  
  89  6:13  Gateway  
  89  6:14  Gateway  
  89  6:15  Probe  
  89  6:17  Immortal  
  94  6:21  Probe  
  95  6:32  Zealot x3  
  95  6:33  Zealot  
  103  6:51  Psionic Storm  
  103  6:53  Probe  
  102  6:55  Protoss Ground Weapons Level 2 (Chrono Boost)  
  102  6:59  High Templar x3  
  102  7:00  Immortal  
  106  7:06  Pylon  
  106  7:17  Robotics Facility  
  106  7:18  Photon Cannon  
  106  7:20  Pylon  
  106  7:22  Nexus  
  106  7:25  Sentry, Zealot, Pylon  
  106  7:26  Zealot  
  106  7:28  Probe, Pylon  
  106  7:29  Assimilator  
  113  7:30  Assimilator  
  113  7:40  High Templar x2, Zealot  
  113  7:42  Immortal (Chrono Boost)  
  123  7:44  Zealot x2  
  123  7:48  Probe (Chrono Boost)  
  123  7:49  Photon Cannon x2, Probe (Chrono Boost)  
  129  7:53  High Templar  
  129  7:55  Pylon  
  129  7:57  Probe (Chrono Boost), Pylon  
  132  7:58  Probe (Chrono Boost)  
  137  8:06  Probe  
  137  8:09  Probe  
  139  8:18  Phoenix (Chrono Boost)  
  143  8:21  Photon Cannon  
  143  8:22  Pylon  
  143  8:23  Archon  
  135  8:34  Warp Prism  
  135  8:37  Stargate  
  135  8:39  Stalker x5  
  135  8:40  Photon Cannon, Phoenix (Chrono Boost)  
  143  8:42  Photon Cannon  
  143  8:43  Probe  
  143  8:46  Photon Cannon  
  144  8:50  Immortal  
  144  8:53  Zealot  
  144  8:54  Zealot x2  
  152  9:03  Zealot x5  
  162  9:10  Immortal  
  166  9:17  Photon Cannon  
  166  9:19  Pylon  
  166  9:22  High Templar x2  
  166  9:23  High Templar x2  
  166  9:24  High Templar x2, Immortal  
  176  9:25  Zealot x2  
  176  9:29  Archon x2  
  186  9:32  Photon Cannon  
  186  9:34  Photon Cannon  
  186  9:37  Fleet Beacon  
  186  9:38  Archon  
  180  9:58  Zealot x8  
  184  10:02  Warp Prism  
  184  10:05  Pylon  
  180  10:07  Immortal (Chrono Boost)  
  180  10:13  Probe  
  179  10:14  Probe  
  179  10:16  Protoss Ground Weapons Level 3 (Chrono Boost)  
  179  10:17  Stargate  
  181  10:26  Mothership Core  
  173  10:35  High Templar x3  
  171  10:36  High Templar  
  171  10:37  Nexus  
  171  10:38  High Templar x2, Zealot x2  
  171  10:39  Immortal (Chrono Boost)  
  171  10:40  Archon  
  185  10:46  Immortal (Chrono Boost)  
  189  10:54  Archon  
  180  11:13  Zealot x5  
  140  11:21  Zealot x2  
  140  11:22  Zealot x4  
  140  11:25  Immortal x2 (Chrono Boost)  
  134  11:29  Probe  
  131  11:37  High Templar x2  
  131  11:40  Photon Cannon  
  131  11:44  High Templar  
  131  11:45  High Templar  
  131  11:50  Zealot x3  
  129  11:57  Carrier (Chrono Boost)  
  129  11:59  Zealot x4, Immortal x2 (Chrono Boost)  
  139  12:16  High Templar  
  139  12:17  High Templar, Zealot x2  
  147  12:23  Pylon  
  147  12:24  Photon Cannon, Archon  
  147  12:32  Carrier (Chrono Boost), Immortal (Chrono Boost)  
  147  12:34  Protoss Air Weapons Level 1  
  147  12:36  Probe  
  157  12:37  Probe  
  157  12:38  Probe  
  157  12:40  Immortal (Chrono Boost)  
  157  12:41  Assimilator  
  157  12:43  High Templar  
  166  12:44  Zealot x2  
  166  12:45  Assimilator, Zealot x3  
  172  12:59  Photon Cannon  
  172  13:01  Photon Cannon  
  172  13:04  Photon Cannon  
  172  13:05  High Templar  
  174  13:08  Pylon  
  174  13:10  Graviton Catapult  
  174  13:15  Warp Prism (Chrono Boost)  
  174  13:19  Zealot x3  
  180  13:26  Zealot x3  
  186  13:27  Zealot  
  186  13:32  Carrier (Chrono Boost)  
  186  13:39  Stargate  
  179  13:52  Zealot  
  179  13:53  Zealot x6  
  192  14:05  Zealot  
  192  14:06  Carrier (Chrono Boost)  
  168  14:33  High Templar, Zealot  
  168  14:34  High Templar x6  
  168  14:35  Carrier (Chrono Boost)  
  178  14:44  Probe  
  185  14:45  Photon Cannon  
  185  14:48  Photon Cannon  
  185  14:49  Carrier (Chrono Boost)  
  191  15:03  High Templar, Nexus  
  191  15:06  Pylon  
  193  15:07  Zealot  
  193  15:13  Pylon x2  
  195  15:14  Pylon  
  193  15:27  High Templar x2, Zealot  
  191  15:36  Stalker x4  
  191  15:39  Carrier, Archon x2  
  183  15:47  Zealot  
  183  15:48  Zealot  
  184  15:59  Zealot x2  
  184  16:02  High Templar x2  
  182  16:13  High Templar  
  182  16:14  High Templar  
  182  16:15  Zealot x2  
  188  16:19  Archon  
  188  16:21  Observer  
  188  16:24  Probe  
  190  16:29  Assimilator x2  
  190  16:32  Zealot x2  
  194  16:35  Zealot x3  
  200  16:41  Observer  
Show
View Real Time Build Order
Export as new Build Order

Scarlett Zerg 

Build Orders: 3 Hatch before Pool, Brood Lord Corruptor, Muta Ling Bane 

Get SALT Encoding   

  12  0:00  Drone  
  13  0:12  Overlord  
  13  0:17  Drone  
  14  0:30  Drone x2  
  14  0:35  Drone  
  17  0:52  Hatchery  
  17  0:54  Drone  
  17  0:58  Drone  
  18  1:18  Hatchery  
  18  1:20  Drone  
  18  1:24  Drone  
  19  1:35  Extractor  
  18  1:40  Spawning Pool, Drone  
  18  1:44  Drone  
  19  1:49  Drone  
  20  2:02  Drone  
  20  2:04  Drone  
  22  2:11  Overlord  
  22  2:17  Drone  
  22  2:22  Drone  
  24  2:26  Drone  
  24  2:27  Queen  
  24  2:29  Queen  
  29  2:35  Metabolic Boost  
  29  2:36  Zergling x2  
  30  2:38  Zergling x2  
  30  2:41  Drone  
  30  2:43  Drone  
  33  2:46  Drone  
  34  2:52  Queen  
  34  2:55  Drone  
  37  2:58  Drone  
  37  2:59  Drone  
  37  3:02  Drone  
  40  3:09  Overlord  
  40  3:11  Drone x2  
  42  3:27  Zergling x4  
  44  3:34  Spore Crawler  
  44  3:36  Spore Crawler  
  44  3:37  Drone x5  
  49  3:43  Overlord, Drone  
  49  3:46  Overlord, Evolution Chamber  
  49  3:55  Overlord, Drone  
  49  4:07  Drone, Hatchery  
  49  4:08  Spore Crawler, Drone x4  
  49  4:09  Drone x2  
  52  4:16  Drone x4  
  56  4:19  Spore Crawler  
  56  4:21  Spore Crawler  
  54  4:26  Drone x2  
  54  4:29  Drone x2  
  54  4:38  Zerg Melee Weapons Level 1  
  54  4:39  Lair  
  54  4:42  Drone x4  
  54  4:43  Drone  
  59  4:47  Extractor  
  58  4:54  Drone x8  
  67  5:01  Extractor  
  67  5:02  Queen  
  67  5:04  Drone x5  
  71  5:08  Overlord  
  71  5:11  Baneling Nest  
  71  5:12  Extractor  
  69  5:14  Overlord  
  69  5:18  Drone x4  
  73  5:21  Queen, Extractor  
  73  5:22  Overlord  
  74  5:32  Drone  
  74  5:33  Drone x4  
  79  5:36  Spore Crawler, Overlord  
  79  5:38  Zergling x8  
  79  5:42  Hydralisk Den  
  81  5:44  Overseer  
  81  5:47  Drone x4  
  85  5:51  Extractor  
  85  5:54  Drone x5  
  85  5:55  Spire  
  88  5:58  Baneling  
  88  5:59  Baneling x3  
  88  6:00  Zergling x6  
  91  6:08  Centrifical Hooks  
  91  6:15  Drone x10  
  101  6:26  Hydralisk  
  101  6:27  Hydralisk x5  
  110  6:36  Baneling x4  
  105  6:48  Hydralisk  
  105  6:49  Zergling x2, Hydralisk x2  
  105  6:50  Zergling x2  
  103  7:02  Zerg Melee Weapons Level 2  
  103  7:04  Drone x3  
  106  7:09  Extractor  
  106  7:13  Zergling x12  
  111  7:16  Drone  
  111  7:18  Overlord x4  
  111  7:19  Overlord x4  
  112  7:25  Zerg Flyer Weapons Level 1  
  112  7:29  Muscular Augments  
  112  7:37  Mutalisk x2  
  112  7:38  Mutalisk  
  112  7:43  Extractor, Drone x3  
  120  7:47  Mutalisk x2  
  120  7:49  Overlord x3  
  120  7:50  Zergling x2  
  120  7:51  Zergling x4  
  127  7:55  Hatchery  
  127  7:56  Hydralisk x3  
  132  8:07  Zergling x2  
  132  8:08  Zergling x18  
  141  8:26  Infestation Pit, Hydralisk x10  
  157  8:40  Queen  
  159  8:42  Zergling x16  
  159  8:43  Zergling x6  
  159  8:46  Baneling x14  
  159  8:47  Baneling  
  170  8:54  Hydralisk x4  
  177  8:55  Zergling x2  
  177  8:58  Baneling  
  177  8:59  Baneling x6  
  177  9:09  Hydralisk x5  
  175  9:16  Baneling x3  
  175  9:17  Baneling x2  
  183  9:18  Zergling x18  
  183  9:20  Zergling x2  
  183  9:23  Zerg Missile Weapons Level 1  
  193  9:32  Hive  
  193  9:39  Hatchery  
  192  9:48  Zergling x20  
  182  9:58  Hydralisk x8  
  182  9:59  Zergling x4  
  167  10:05  Hydralisk  
  167  10:06  Hydralisk x2  
  166  10:13  Hydralisk  
  159  10:14  Hydralisk x4  
  161  10:24  Hydralisk  
  161  10:25  Hydralisk x4  
  160  10:31  Zergling x8  
  163  10:38  Zergling x18  
  163  10:42  Overseer  
  172  10:49  Baneling  
  172  10:50  Baneling x7  
  172  10:51  Zergling x16  
  172  10:52  Zergling x6  
  183  10:58  Baneling  
  183  10:59  Baneling x13  
  183  11:04  Greater Spire  
  144  11:20  Hydralisk  
  144  11:21  Zergling x2, Hydralisk x3  
  144  11:22  Zergling x24  
  143  11:32  Zerg Melee Weapons Level 3  
  143  11:38  Corruptor  
  143  11:39  Corruptor x3  
  148  11:44  Adrenal Glands  
  145  12:02  Corruptor  
  145  12:03  Corruptor x3  
  145  12:05  Queen  
  147  12:26  Brood Lord  
  147  12:27  Brood Lord x3  
  147  12:29  Zergling x34  
  172  12:30  Zergling x2  
  172  12:46  Brood Lord  
  172  12:47  Brood Lord x2  
  172  12:50  Zergling x10  
  181  13:02  Overseer  
  181  13:03  Overseer x4  
  180  13:11  Zergling x2  
  180  13:12  Zergling x32  
  195  13:21  Zerg Flyer Weapons Level 2  
  195  13:25  Corruptor x3  
  195  13:36  Pneumatized Carapace  
  182  13:55  Corruptor  
  182  13:56  Corruptor x6  
  187  14:03  Corruptor  
  187  14:04  Corruptor  
  184  14:14  Hydralisk x4  
  177  14:27  Hydralisk  
  177  14:28  Zergling x2, Hydralisk x5  
  177  14:29  Zergling x24  
  160  14:38  Viper  
  160  14:44  Extractor x2  
  141  14:56  Hydralisk  
  141  14:57  Zergling x2, Hydralisk x4  
  141  14:58  Zergling x18  
  161  15:10  Zergling x12  
  161  15:13  Hydralisk x3  
  172  15:26  Zergling x18  
  163  15:41  Hydralisk x8  
  130  15:49  Hydralisk x6  
  124  16:11  Drone  
  124  16:18  Baneling x18  
  125  16:19  Zergling x8  
  129  16:35  Zergling x16  
  135  16:41  Zergling x6  
Tags
 
Add a new tag
Caveats
  • Supply blocks, unpowered buildings, or Contaminate may cause inaccurate times.
  • Supply counts are checked every 10 seconds.